 Dungeon Crawl Stone Soup version 0.21-a0-286-g6fcecc0 (webtiles) character file.

3498 vishdafish the Archer (level 9, -4/75 HPs)
             Began as a Centaur Hunter on Sept 25, 2017.
             Was a Believer of Nemelex Xobeh.
             Slain by a gnoll
             ... wielding a +4 halberd of electrocution
              (17 damage)
             ... in a bailey.
             The game lasted 00:21:43 (9490 turns).

vishdafish the Archer (Centaur Hunter)              Turns: 9490, Time: 00:21:44

Health: -4/75      AC:  8    Str: 17    XL:     9   Next: 80%
Magic:  13/13      EV: 10    Int: 11    God:    Nemelex Xobeh [**....]
Gold:   297        SH:  0    Dex: 10    Spells: 8/8 levels left

rFire    + . .     SeeInvis .   a - +1 shortbow
rCold    + . .     Gourm    .   (shield currently unavailable)
rNeg     . . .     Faith    .   b - +0 robe {rF+}
rPois    .         Spirit   .   q - +0 helmet
rElec    .         Reflect  .   n - +0 cloak
rCorr    .         Harm     .   r - +1 pair of gloves
MR       .....                  (no barding)
Stlth    +.........             (no amulet)
HPRegen  0.22/turn              y - +1 ring of slaying
MPRegen  0.13/turn              A - ring of protection from cold

@: very quick
A: hooves 3, deformed body, speed 2, tough skin 3
a: Renounce Religion


You were in a bailey.
You worshipped Nemelex Xobeh.
Nemelex Xobeh was pleased with you.
You were not hungry.

You visited 1 branch of the dungeon, and saw 9 of its levels.
You also visited: Bailey.

You collected 361 gold pieces.
You spent 64 gold pieces at shops.

Inventory:

Hand Weapons
 a - a +1 shortbow (weapon)
 o - a +0 spear
Missiles
 d - 83 arrows (quivered)
Armour
 b - a +0 robe of fire resistance (worn)
 n - a +0 cloak (worn)
 q - a +0 helmet (worn)
 r - a +1 pair of gloves (worn)
Jewellery
 y - a +1 ring of slaying (left hand)
 A - a ring of protection from cold (right hand)
Wands
 f - a wand of clouds (2/9)
 w - a wand of acid (0/15)
 E - a wand of iceblast (5/15)
 I - a wand of lightning (1/15)
Scrolls
 e - 2 scrolls of teleportation {unknown}
 g - 4 scrolls of recharging
 h - 5 scrolls of remove curse
 j - a scroll of amnesia {unknown}
 l - 2 scrolls of magic mapping {unknown}
 m - a scroll of blinking {unknown}
 p - a scroll of fear {unknown}
 v - 3 scrolls of enchant armour {unknown}
Potions
 c - a potion of lignification {unknown}
 i - 3 potions of invisibility
 s - a potion of brilliance
 t - a potion of haste
 x - a potion of mutation
 B - a potion of agility
 F - a potion of flight {unknown}
 H - a potion of curing
Books
 D - a book of Minor Magic

   Spells                             Type                      Level
   a - Magic Dart                     Conjuration                  1
   b - Blink                          Translocation                2
   c - Call Imp                       Summoning                    2
   d - Slow                           Hexes                        2
   e - Conjure Flame                  Conjuration/Fire             3
   f - Mephitic Cloud                 Conjuration/Poison/Air       3
Miscellaneous
 k - a plain deck of destruction
 u - a plain deck of destruction {drawn: 4}
 G - a plain deck of summoning {drawn: 2}
Comestibles
 z - 2 bread rations
 J - 2 fruits


   Skills:
 + Level 5.8 Fighting
 * Level 6.6 Polearms
 * Level 11.4 Bows
 - Level 3.0 Dodging
 - Level 0.4 Stealth
 * Level 6.5 Invocations


You had 8 spell levels left.
You didn't know any spells.

Dungeon Overview and Level Annotations

Branches:
Dungeon (10/15)
 Temple: D:4-7         Lair: D:8-11         Orc: D:9-12

Altars:
Dithmenos
Gozag
Nemelex Xobeh
Ru
Sif Muna
The Shining One

Shops:
D:9 [*::

Annotations:
D:9 4 runed doors


Innate Abilities, Weirdness & Mutations

You have hooves in place of feet.
Armour fits poorly on your strangely shaped body.
You cover ground very quickly.
You have extremely tough skin. (AC +3)


Message History

Aiming: Lightning Bolt (will waste charges)
Press: ? - help, Shift-Dir - straight line, f/p - gnoll
Aim: a gnoll, wielding a halberd of electrocution (lightly wounded)
You hear a mighty clap of thunder!
The bolt of lightning hits the gnoll.
The gnoll appears unharmed.
The gnoll is lightly wounded.
Evoking this partially-identified wand wasted a few charges.
You hear a shout! x10
The gnoll closely misses you.
Evoke which item? (* to show all) (? for menu, Esc to quit)
You draw a card...
It is Vitriol.
You have drawn Vitriol.
Press: ? - help, Shift-Dir - straight line, f/p - gnoll
Aim: a gnoll, wielding a halberd of electrocution (lightly wounded)
The bolt of acid misses the gnoll.
The gnoll hits you from afar with a halberd of electrocution.
* * * LOW HITPOINT WARNING * * *
You are electrocuted!
You die...
Your body disappears without a glow.

'##(
(.(#
..(.#
.∩.((
((.(
#g(
##'#
#@#
###


You could see a gnoll.

Vanquished Creatures
  Sigmund (D:2)
  A hungry ghost (D:9)
  An orc warrior (D:6)
  The ghost of vishdafish the Skirmisher, an amateur CeWr (D:3)
  4 ogres
  A centaur (D:6)
  Blork the orc (D:6)
  2 big kobolds
  4 bullfrogs
  2 scorpions
  2 howler monkeys
  4 crimson imps
  7 orc wizards
  A gnoll shaman (D:9)
  An orc priest (D:6)
  3 hounds
  A jelly (D:6)
  Terence (D:3)
  An iguana (D:5)
  5 worker ants
  A hound zombie (D:6)
  Robin (D:4)
  12 gnolls
  4 adders
  4 shadow imps
  An ooze (D:1)
  An adder zombie (D:9)
  3 adder skeletons
  A worm (D:2)
  2 dart slugs (D:1)
  6 leopard geckos
  8 orcs
  4 giant cockroaches
  14 hobgoblins
  10 jackals
  3 quokkas
  10 bats
  8 frilled lizards
  15 goblins
  17 kobolds
  2 leopard gecko zombies (D:6)
  10 rats
181 creatures vanquished.

Vanquished Creatures (collateral kills)
  A two-headed ogre (D:5)
  An unseen horror (D:9)
  A crocodile (D:9)
3 creatures vanquished.

Vanquished Creatures (others)
  Prince Ribbit (D:7)
  An adder (D:7)
2 creatures vanquished.

Grand Total: 186 creatures vanquished

Notes
Turn   | Place    | Note
-------+----------+-------------------------------------------
     0 | D:1      | vishdafish the Centaur Hunter began the quest for the Orb.
     0 | D:1      | Reached XP level 1. HP: 17/17 MP: 1/1
   197 | D:1      | Reached XP level 2. HP: 21/24 MP: 2/2
   753 | D:1      | Reached skill level 6 in Bows
   781 | D:1      | Reached XP level 3. HP: 30/30 MP: 3/3
  1299 | D:2      | Noticed Sigmund
  1436 | D:3      | Found an opulent altar of Gozag.
  1471 | D:3      | Noticed vishdafish's ghost (amateur CeWr)
  1644 | D:2      | Killed Sigmund
  1644 | D:2      | Reached skill level 7 in Bows
  1644 | D:2      | Reached XP level 4. HP: 15/38 MP: 4/4
  1644 | D:2      | Reached XP level 5. HP: 17/45 MP: 5/5
  2737 | D:2      | Reached XP level 6. HP: 46/51 MP: 6/6
  3039 | D:3      | Killed vishdafish's ghost
  3514 | D:3      | Noticed Terence
  3743 | D:3      | Killed Terence
  3743 | D:3      | Reached skill level 8 in Bows
  3856 | D:3      | Found a shadowy altar of Dithmenos.
  4177 | D:3      | Reached XP level 7. HP: 23/58 MP: 7/7
  4728 | D:4      | Found a sparkling altar of Nemelex Xobeh.
  4849 | D:4      | Noticed Robin
  4996 | D:4      | Killed Robin
  5376 | D:4      | Found a sacrificial altar of Ru.
  5502 | D:4      | Found a glowing golden altar of the Shining One.
  5554 | D:4      | Became a worshipper of Nemelex Xobeh the Trickster
  5567 | D:5      | Entered Level 5 of the Dungeon
  5577 | D:5      | Received a gift from Nemelex Xobeh
  5830 | D:5      | Reached skill level 1 in Invocations
  5888 | D:5      | Reached skill level 9 in Bows
  5888 | D:5      | Reached XP level 8. HP: 61/67 MP: 7/9
  5914 | D:5      | Reached * piety under Nemelex Xobeh
  6991 | D:6      | Noticed a two-headed ogre
  7004 | D:5      | Killed a two-headed ogre
  7108 | D:6      | Reached skill level 5 in Polearms
  7386 | D:6      | Reached skill level 10 in Bows
  7397 | D:6      | Reached skill level 5 in Fighting
  7549 | D:6      | Noticed Blork the orc
  7723 | D:6      | Killed Blork the orc
  7723 | D:6      | Reached XP level 9. HP: 58/74 MP: 12/12
  7841 | D:6      | Received a gift from Nemelex Xobeh
  8043 | D:6      | HP: 3/74 [something/puff of flame (2)]
  8046 | D:6      | Reached skill level 5 in Invocations
  8387 | D:6      | Reached ** piety under Nemelex Xobeh
  8431 | D:6      | Found a deep blue altar of Sif Muna.
  8621 | D:7      | Noticed Prince Ribbit
  8627 | D:7      | Killed Prince Ribbit
  8630 | D:7      | You fall through a shaft for 3 floors!
  8630 | D:10     | Entered Level 10 of the Dungeon
  8909 | D:9      | Found Luesokh's Book Shop.
  9117 | D:9      | Found Faud's Book Boutique.
  9118 | D:9      | Received a gift from Nemelex Xobeh
  9139 | D:9      | Found Neizuogh's General Store.
  9160 | D:9      | Bought a scroll of identify for 32 gold pieces
  9160 | D:9      | Bought a scroll of identify for 32 gold pieces
  9182 | D:9      | Found a large runed door.
  9182 | D:9      | Found a large runed door.
  9197 | D:9      | Found a large runed door.
  9197 | D:9      | Found a large runed door.
  9219 | D:9      | Reached skill level 11 in Bows
  9346 | D:9      | Killed an unseen horror
  9400 | D:9      | Found Busch's Antique Armour Shoppe.
  9418 | D:9      | Found a flagged portal.
  9426 | Bailey   | Entered a bailey
  9490 | Bailey   | Slain by a gnoll

Vault maps used:
D:1:      saegor_arrival_simple_a
D:2:      minmay_tromino_i4, uniq_sigmund
D:3:      nicolae_gozag_seed_capital, nicolae_dithmenos_shadow_blocks,
          minmay_misc_feat_room, uniq_terence
D:4:      kennysheep_mini_moat, nemelex_xobeh_ov_fountains_minmay,
          minmay_stone_trees_medium, nicolae_ru_awakened_eye, uniq_robin
D:5:      cheibrodos_helix_gallery, first_bread
D:6:      kennysheep_little_box, uniq_blork_the_orc
D:7:      kennysheep_seaside_town, kiku_gazebo_pond_becter,
          minmay_temple_entry_overgrown, uniq_prince_ribbit1, uniq_duvessa
D:9:      enter_bailey_2, serial_shops, nicolae_shop_behind_doors, shop,
          nicolae_shop_crystal, nicolae_shop_crystal,
          nicolae_shop_window_shopping, minmay_hollow_rounded_squares
D:10:     lemuel_reptile_caves, nicolae_trove_entry_crossroad, uniq_joseph,
          uniq_erolcha, uniq_sonja
Bailey:   bailey_axe_2, bailey

Skill      XL: |  1  2  3  4  5  6  7  8  9 |
---------------+----------------------------+-----
Bows           | 6 7 8 9 10 11 | 11.4
Dodging        | 2 3 |  3.0
Fighting       | 3 4 5 |  5.8
Polearms       | 2 3 4 5 6 |  6.6
Invocations    | 1 4 6 |  6.5
Stealth        | |  0.4

Action                   |  1- 3 |  4- 6 |  7- 9 || total
-------------------------+-------+-------+-------++-------
Melee: Short sword       |    95 |       |       ||    95
       Kick              |    18 |    33 |    95 ||   146
       Spear             |    32 |   164 |   387 ||   583
 Fire: Shortbow          |    30 |    29 |   156 ||   215
Evoke: Deck              |       |       |     6 ||     6
       Wand              |       |       |     3 ||     3
  Use: Scroll            |     4 |       |     3 ||     7
       Potion            |       |     1 |     4 ||     5
  Eat: Bread ration      |     1 |     1 |     1 ||     3
       Chunk             |       |       |     7 ||     7
       Royal jelly       |       |       |     1 ||     1
       Meat ration       |       |       |     1 ||     1
Armor: Leather armour    |    60 |       |       ||    60
       Robe              |       |    50 |   131 ||   181
Dodge: Dodged            |    64 |    94 |   203 ||   361

Table legend:
 A = Spawn XP
 B = Non-spawn XP
 C = Spawn XP percentage of total XP
 D = Spawn monster count
 E = Non-spawn monster count
 F = Spawn count percentage of total count
 G = Total turns spent on level
                    A         B        C        D         E        F      G
               +---------+---------+-------+---------+---------+-------+---------
         Total |       0 |    4998 |   0.0 |       0 |     186 |   0.0 |  9490
               +---------+---------+-------+---------+---------+-------+---------
           D:1 |       0 |      41 |   0.0 |       0 |      20 |   0.0 |   906
           D:2 |       0 |     331 |   0.0 |       0 |      27 |   0.0 |  2159
           D:3 |       0 |     428 |   0.0 |       0 |      33 |   0.0 |  1642
           D:4 |       0 |     425 |   0.0 |       0 |      21 |   0.0 |   860
           D:5 |       0 |    1058 |   0.0 |       0 |      12 |   0.0 |  1853
           D:6 |       0 |    1130 |   0.0 |       0 |      30 |   0.0 |  1199
           D:7 |       0 |     287 |   0.0 |       0 |       2 |   0.0 |    11
           D:9 |       0 |    1260 |   0.0 |       0 |      34 |   0.0 |   786
        Bailey |       0 |      38 |   0.0 |       0 |       7 |   0.0 |    64
               +---------+---------+-------+---------+---------+-------+---------
